Unix NetHack Version 5.0.0-0 post-release - last build May 23 2026 06:08:33 (1c0ff79ee797540d5714e4e18072db0edd9e58ae,branch:main).

Game began 2026-05-29 17:07:43, ended 2026-05-29 17:19:19.

GdeVolpiano, neutral female human Tourist

                                                            ^
    -----                     -----                        -|--------
    |..".##########           |...|      ------            |`.......|
    |...|                     |...|      |....|            |........|
    |...-##                   |...|     #-._(.|           #.........|
    --.-- #  --------         |..*.##**)#|B.).|         ###|........|
      #   #  |......|     ####-...|      --@---         #  |........|
    ###   ###-......|   ###   -----        d            #  |........|
    #        |......|   #                  #           ##  ----.-----
    #     ###......^|####                  #           #
    #   ###  |.......#                     ###         #
    #   #    --------                       -.--------##
 ---.---#                                   |........|#
 |.....|#                                   |........-#
 |......#                                   |...>....|#
 |.....|                                    ----------######  -----
 |.....|                                                   ###....|
 |......###                                                   |...|
 -------                                                      -----

GdeVolpiano the Sightseer   St:10 Dx:9 Co:17 In:12 Wi:11 Ch:16  Neutral
Dlvl:3  $:82 HP:0(33) Pw:9(9) AC:8  Xp:3 T:1397 

Latest messages:
 Winston misses the dwarf zombie.
 You miss the dwarf zombie.
 Winston misses the dwarf zombie.
 Winston bites the dwarf zombie.
 The dwarf zombie is destroyed!
 You stop.  Winston is in the way!
 #
 You stop searching.
 You swap places with Winston.
 The iguana bites!
 You miss the iguana.
 You miss the iguana.
 You hit the iguana!
 You miss the iguana.
 You miss the iguana.
 You miss the iguana.
 The iguana bites!
 You hit the iguana.
 The iguana bites!
 You miss the iguana.
 The iguana bites!
 You kill the iguana!
 There is an open door here.
 You see here an iguana corpse.
 J - an iguana corpse.
 Where do you want to travel to?
 (For instructions type a '?')
 You miss the giant bat.
 The giant bat bites!
 The giant bat bites!
 What do you want to drink? [zA or ?*]
 You feel better.
 The giant bat bites!
 The giant bat bites!
 You miss the giant bat.
 The giant bat bites!
 You hit the giant bat.
 The giant bat bites!
 In what direction?
 The dart misses the giant bat.
 a - a +2 dart (at the ready) (28 in total).
 The giant bat bites!
 In what direction?
 The dart misses the giant bat.
 In what direction?
 The dart hits the giant bat.
 The giant bat bites!
 The giant bat bites!
 You die...
 Do you want your possessions identified? [ynq] (y)

Inventory:
 Coins    ('$')
  $ - 82 gold pieces
 Weapons  (')')
  a - 26 +2 darts (at the ready)
  u - 13 +0 darts
  v - a +0 two-handed sword (weapon in hands)
 Armor    ('[')
  E - an uncursed +0 pair of high boots (being worn)
 Comestibles  ('%')
  e - 2 uncursed figs
  b - 5 uncursed food rations
  f - an uncursed pancake
  d - 3 uncursed tripe rations
  g - 3 uncursed eggs
  J - an uncursed iguana corpse
 Scrolls  ('?')
  w - an uncursed scroll of remove curse
 Potions  ('!')
  z - 3 uncursed potions of healing
 Rings    ('=')
  B - an uncursed ring of fire resistance (on right hand)
 Tools    ('(')
  k - an uncursed skeleton key
  G - an uncursed tin whistle

GdeVolpiano the Tourist's attributes:

Background:
 You were a Sightseer, a level 3 female human Tourist.
 You were neutral, on a mission for The Lady
 who was opposed by Blind Io (lawful) and Offler (chaotic).
 You were left-handed.
 You were in the Dungeons of Doom, on level 3.
 You entered the dungeon 1397 turns ago.
 You had 64 experience points, 16 more were needed to attain level 4.

Basics:
 You had 0 out of 33 hit points.
 You had all 9 energy points (spell power).
 Your armor class was 8.
 Your wallet contained 82 zorkmids.
 Autopickup was on for '$?!/="+' plus thrown, with exceptions.

Final Characteristics:
 Your strength was 10 (limit:18/100).
 Your dexterity was 9 (limit:18).
 Your constitution was 17 (limit:18).
 Your intelligence was 12 (limit:18).
 Your wisdom was 11 (limit:18).
 Your charisma was 16 (limit:18).

Final Status:
 You weren't hungry.
 You were unencumbered.
 You were wielding a two-handed sword.
 You were unskilled in two-handed sword.

Final Attributes:
 You were devoutly aligned.
 You were fire resistant.
 Your items were protected from fire.
 You are dead.

Miscellaneous:
 You didn't encounter any bones levels.
 Total elapsed playing time was 11 minutes and 34 seconds.

Major events:
 Turn
    1: GdeVolpiano the neutral female human Tourist entered the dungeon
  802: attained the rank of Sightseer (level 3)
 1397: killed by a giant bat

You didn't know any spells.

Skills:
 Fighting Skills
   bare handed combat [Unskilled]
   two weapon combat  [Unskilled]
   riding             [Unskilled]
 Weapon Skills
   dagger             [Unskilled]
   knife              [Unskilled]
   axe                [Unskilled]
   pick-axe           [Unskilled]
   short sword        [Unskilled]
   broadsword         [Unskilled]
   long sword         [Unskilled]
   two-handed sword   [Unskilled]
   saber              [Unskilled]
   mace               [Unskilled]
   morning star       [Unskilled]
   flail              [Unskilled]
   hammer             [Unskilled]
   quarterstaff       [Unskilled]
   polearms           [Unskilled]
   spear              [Unskilled]
   trident            [Unskilled]
   lance              [Unskilled]
   bow                [Unskilled]
   sling              [Unskilled]
   crossbow           [Unskilled]
   dart               [Basic]
   shuriken           [Unskilled]
   boomerang          [Unskilled]
   whip               [Unskilled]
   unicorn horn       [Unskilled]
 Spellcasting Skills
   divination spells  [Unskilled]
   enchantment spells [Unskilled]
   escape spells      [Unskilled]

Voluntary challenges:
 Character rerolling was not enabled.
 You were illiterate.
 You never genocided any monsters.
 You never polymorphed an object.
 You never changed form.
 You used no wishes.
Achievement:
 You attained the rank of Sightseer.

 The Dungeons of Doom: levels 1 to 4
    Level 1: "vault"
       Many fountains.
    Level 2:
       An altar, some fountains.
    Level 3: "vault" <- You were here.
       An altar to The Lady.
       Final resting place for
          you, killed by a giant bat.
    Level 4:


Vanquished creatures:
  a dwarf zombie
 an iguana
  3 giant rats
  a gnome
  2 geckos
  a jackal
  a fox
  4 kobolds
  2 goblins
  a grid bug
  4 lichens
  2 newts
23 creatures vanquished.

No species were genocided or became extinct.

Game over:
                       ----------
                      /          \
                     /    REST    \
                    /      IN      \
                   /     PEACE      \
                  /                  \
                  |   GdeVolpiano    |
                  |      82 Au       |
                  |   killed by a    |
                  |    giant bat     |
                  |                  |
                  |                  |
                  |       2026       |
                 *|     *  *  *      | *
        _________)/\\_//(\/(/\)/\//\/|_)_______

Aloha GdeVolpiano the Tourist...

You died in The Dungeons of Doom on dungeon level 3 with 452 points,
and 82 pieces of gold, after 1397 moves.
You were level 3 with a maximum of 33 hit points when you died.

